Unix NetHack Version 5.0.0-0 post-release - last build May 31 2026 23:59:36 (970b52f25bf058293b47ddfd14a1e40e571c508c,branch:main).

Game began 2026-06-08 16:40:02, ended 2026-06-09 04:02:39.

IanCurtis, chaotic male elven Wizard

    ---------------                       -------
    |.............|      -------          |.....|
    -+----..-..-....#####.[..)>|          |.)[.)|
         |.-....|..|     |```.--  ---     |.....|
       ---@.-+--|..|---..|.`-------.+     ---|---
    -+--...u....--.-.....-+``......`|       |.|
    |................--...........-.|       |.|
    --..--|--------..|-.......-.....|      --.---..|
     -. |.........|  |....{...||.%|.|  -----.......|
     .  |%%+)?..?]|  |.......--|..|.|---...........|
    |.  -----------  ---....------|.|-......---...-
               ------|....|.. |..--.|...---..|...-
               |(.(.|-...--   |.....|....-|.....-
               |((..-...-|    |-..........|-..----
               |(((.|-...|    |.......*...|.....).
               ------|....    |..--.........------
                              ---- -.......--
                                   ---...---
                                      ---

IanCurtis the Thaumaturge  St:9 Dx:12 Co:16 In:20 Wi:14 Ch:11  Chaotic
Dlvl:8  $:152 HP:0(42) Pw:68(90) AC:5  Xp:7 T:6616  Burdened

Latest messages:
 Using your athame named Magicbane you try to open the tin.
 You succeed in opening the tin.
 It smells like winter wolf cubs.
 Eat it? [yn] (n) y
 You consume boiled winter wolf cub.
 You feel full of hot air.
 You are beginning to feel hungry.
 You stop searching.
 What do you want to eat? [gz or ?*] ?
 This food really hits the spot!
 You finish eating the food ration.
 The orc shaman opens a door.
 You stop searching.
 The orc shaman points all around, then curses.
 The magic-absorbing blade probes the orc shaman!
 The probe is insightful.
 Status of the orc shaman (chaotic, medium):  Level 4  HP 23(23)  AC 5.
 The orc shaman points at you, then curses.
 You miss the orc shaman.
 The orc shaman casts a spell!
 The orc shaman looks better.
 The magic-absorbing blade stuns the orc shaman!
 The orc shaman points at you, then curses.
 The orc shaman points at you, then curses.
 The magic-absorbing blade cancels the orc shaman!
 You absorb magical energy!
 The orc shaman is confused.
 You kill the orc shaman!
 There is an open door here.
 You see here 38 gold pieces.
 You have a little trouble lifting $ - 38 gold pieces (152 in total).
 There are several objects here.
 You hear the splashing of a naiad.
 There are several objects here.
 There are several objects here.
 There are several objects here.
 You hear a door open.
 You see here 10 throwing stars.
 The gray unicorn butts!
 The gray unicorn kicks!
 The gray unicorn butts!
 The gray unicorn kicks!
 You miss the gray unicorn.
 The gray unicorn butts!
 The gray unicorn kicks!
 The gray unicorn butts!
 The gray unicorn kicks!
 The gray unicorn butts!
 You die...
 Do you want your possessions identified? [ynq] (y) q

Inventory:
 Coins    ('$')
  $ - 152 gold pieces
 Amulets  ('"')
  v - an uncursed amulet versus poison
 Weapons  (')')
  S - 10 poisoned +0 arrows
  a - the rustproof +0 Magicbane (weapon in right hand)
  O - a blessed +1 quarterstaff
 Armor    ('[')
  Q - an uncursed +0 pair of leather gloves (being worn)
  b - a blessed +3 cloak of magic resistance (being worn)
 Comestibles  ('%')
  z - an uncursed food ration
  g - an uncursed lizard corpse
 Scrolls  ('?')
  L - an uncursed scroll of blank paper
  t - an uncursed scroll of destroy armor
  u - 3 uncursed scrolls of enchant weapon
  P - an uncursed scroll of fire
  k - a blessed scroll of gold detection
  E - an uncursed scroll of identify
  J - a cursed scroll of identify named identify
  i - a blessed scroll of teleportation
  G - an uncursed scroll of teleportation
 Spellbooks  ('+')
  r - an uncursed spellbook of detect monsters
  w - an uncursed spellbook of extra healing
  l - a blessed spellbook of force bolt
  m - an uncursed spellbook of healing
  x - an uncursed spellbook of light
 Potions  ('!')
  q - a blessed potion of confusion
  s - a blessed potion of extra healing
  A - an uncursed potion of extra healing
  B - a blessed potion of fruit juice
  D - an uncursed potion of gain ability
  H - 2 uncursed potions of healing
  C - a blessed potion of sickness
  p - an uncursed potion of sleeping
 Rings    ('=')
  I - a blessed +2 ring of gain strength
  d - a blessed +1 ring of increase accuracy
  K - an uncursed ring of polymorph control
  y - an uncursed ring of shock resistance
  e - an uncursed ring of stealth (on right hand)
 Wands    ('/')
  f - a wand of magic missile (0:5)
  c - a wand of striking (0:4)
 Tools    ('(')
  o - an uncursed bugle
  U - an uncursed magic lamp named magic
  n - a magic marker (0:22)
  R - an uncursed towel

IanCurtis the Wizard's attributes:

Background:
 You were a Thaumaturge, a level 7 male elven Wizard.
 You were chaotic, on a mission for Anhur
 who was opposed by Ptah (lawful) and Thoth (neutral).
 You were right-handed.
 You were in the Gnomish Mines, on level 8.
 You entered the dungeon 6616 turns ago.
 It was nighttime.
 You had 1252 experience points, 28 more were needed to attain level 8.

Basics:
 You had 0 out of 42 hit points.
 You had 68 out of 90 energy points (spell power).
 Your armor class was 5.
 Your wallet contained 152 zorkmids.
 Autopickup was off.

Final Characteristics:
 Your strength was 9 (peak:10, limit:18).
 Your dexterity was 12 (limit:18).
 Your constitution was 16 (limit:16).
 Your intelligence was 20 (limit:20).
 Your wisdom was 14 (limit:20).
 Your charisma was 11 (limit:18).

Final Status:
 You weren't hungry.
 You were burdened; movement was slightly slowed.
 You were wielding a dagger.
 You had basic skill with dagger.

Final Attributes:
 You were piously aligned.
 You were magic-protected.
 You were cold resistant.
 You were sleep resistant.
 You were telepathic.
 You had infravision.
 You were stealthy.
 You were warded.
 You are dead.

Miscellaneous:
 You encountered 1 bones level.
 Total elapsed playing time was 1 hour, 24 minutes and 17 seconds.

Major events:
 Turn
    1: IanCurtis the chaotic male elven Wizard entered the dungeon
  612: attained the rank of Conjurer (level 3)
 1502: was bestowed with Magicbane by Anhur
 2247: entered the Gnomish Mines
 3082: attained the rank of Thaumaturge (level 6)
 4279: reached Mine Town
 6616: killed by a gray unicorn

Spells:
 Name                 Level Category     Fail Retention
 force bolt             1   attack         0%   66%-70%
 healing                1   healing        0%   51%-75%
 extra healing          3   healing       63%   51%-75%
 light                  1   divination     0%   51%-75%
 remove curse           3   clerical      63%  76%-100%

Skills:
 Fighting Skills
   bare handed combat [Unskilled]
   riding             [Unskilled]
 Weapon Skills
   dagger             [Basic]
   knife              [Unskilled]
   axe                [Unskilled]
   short sword        [Unskilled]
   club               [Unskilled]
   mace               [Unskilled]
   quarterstaff       [Basic]
   polearms           [Unskilled]
   spear              [Unskilled]
   trident            [Unskilled]
   sling              [Unskilled]
   dart               [Unskilled]
   shuriken           [Unskilled]
 Spellcasting Skills
   attack spells      [Skilled]
   healing spells     [Unskilled]
   divination spells  [Unskilled]
   enchantment spells [Basic]
   clerical spells    [Unskilled]
   escape spells      [Unskilled]
   matter spells      [Unskilled]

Voluntary challenges:
 Character rerolling was not enabled.
 You never genocided any monsters.
 You never polymorphed an object.
 You never changed form.
 You used no wishes.
Achievements:
 You attained the rank of Conjurer.
 You entered a shop.
 You entered the Gnomish Mines.
 You attained the rank of Thaumaturge.
 You entered Minetown.
 You entered a temple.

 The Dungeons of Doom: levels 1 to 5
    Level 1: "vault"
       A grave.
    Level 2:
       Many altars.
    Level 3:
       A general store, a fountain.
    Level 4:
       Some fountains.
       Stairs down to The Gnomish Mines.
    Level 5:
       Final resting place for
          pots164-Kni-Hum-Mal-Law, slipped while mounting a saddled pony.
 The Gnomish Mines: levels 5 to 9
    Level 5:
    Level 8: <- You were here.
       Some shops, a temple and an altar, a fountain.
       Final resting place for
          you, killed by a gray unicorn.
    Level 9:


Vanquished creatures:
  a small mimic
  a large dog
  4 watchmen
  a leprechaun
  a giant spider
  a vampire bat
  a gnome ruler
  a dog
 an ape
  2 Uruk-hai
 an orc shaman
  a rock mole
  a pony
  7 gnome leaders
  a gnomish wizard
  a paper golem
  4 giant ants
  4 floating eyes
  a kitten
  7 dwarves
  6 hill orcs
  a rabid rat
 an orc zombie
  a dwarf zombie
  a werejackal
  4 iguanas
  2 acid blobs
  2 coyotes
  a hobbit
  a hobgoblin
  3 giant rats
  a cave spider
  a yellow mold
  a green mold
  a red mold
 18 gnomes
  4 garter snakes
  2 gnome zombies
  3 geckos
 10 jackals
  a fox
  2 kobolds
  3 goblins
  3 sewer rats
  2 grid bugs
  a bat
  4 lichens
  a kobold zombie
  5 newts
128 creatures vanquished.

No species were genocided or became extinct.

Game over:
                       ----------
                      /          \
                     /    REST    \
                    /      IN      \
                   /     PEACE      \
                  /                  \
                  |    IanCurtis     |
                  |      152 Au      |
                  | killed by a gray |
                  |     unicorn      |
                  |                  |
                  |                  |
                  |       2026       |
                 *|     *  *  *      | *
        _________)/\\_//(\/(/\)/\//\/|_)_______

Goodbye IanCurtis the Wizard...

You died in The Gnomish Mines on dungeon level 8 with 5545 points,
and 152 pieces of gold, after 6616 moves.
You were level 7 with a maximum of 42 hit points when you died.

